 Dungeon Crawl Stone Soup version 0.23.0-3-gf3c87f2 (webtiles) character file.

Game seed: 824303123050814953

20 Semilg the Digger (level 2, 0/15 HPs)
             Began as a Gargoyle Earth Elementalist on Feb 24, 2019.
             Slain by a worker ant (1 damage)
             ... on level 2 of the Dungeon.
             The game lasted 00:06:46 (1051 turns).

Semilg the Digger (Gargoyle Earth Elementalist)     Turns: 1051, Time: 00:06:47

Health: 0/15       AC:  4    Str: 11    XL:     2   Next: 79%
Magic:  2/5        EV: 12    Int: 15    God:
Gold:   37         SH:  0    Dex: 10    Spells: 2/5 levels left

rFire    . . .     SeeInvis .   a - +0 spear
rCold    . . .     Gourm    .   (no shield)
rNeg     + . .     Faith    .   c - +0 robe
rPois    ∞         Spirit   .   (no helmet)
rElec    +         Reflect  .   (no cloak)
rCorr    .         Harm     .   (no gloves)
MR       .....                  (no boots)
Stlth    ++........             (no amulet)
HPRegen  0.05/turn              (no ring)
MPRegen  0.09/turn              (no ring)

@: no status effects
A: negative energy resistance 1, electricity resistance, unbreathing,
petrification resistance, rot immunity, AC +2
a: no special abilities


You were on level 2 of the Dungeon.
You were not hungry.

You visited 1 branch of the dungeon, and saw 2 of its levels.

You collected 37 gold pieces.

Inventory:

Hand Weapons
 a - a +0 spear (weapon)
 e - a -1 club
 l - a +0 hunting sling
Missiles
 b - 61 stones (quivered)
Armour
 c - a +0 robe (worn)
Potions
 f - 3 potions of mutation {unknown}
 h - a potion of haste {unknown}
 j - a potion of flight {unknown}
 k - a potion of agility {unknown}
Comestibles
 d - 3 rations
 g - a chunk of flesh


   Skills:
 + Level 0.2 Fighting
 + Level 0.3 Throwing
 + Level 1.7 Dodging
 + Level 2.2 Stealth
 + Level 2.3 Spellcasting
 + Level 0.7 Transmutations
 + Level 4.1 Earth Magic


You had 2 spell levels left.
You knew the following spells:

 Your Spells              Type           Power        Failure   Level  Hunger
a - Sandblast             Erth           ##....       4%          1    #......
b - Passwall              Tmut/Erth      #.......     12%         2    ###....

Your spell library contained the following spells:

 Spells                   Type           Power        Failure   Level  Hunger
 Stone Arrow              Conj/Erth      #.....       28%         3    ###....
 Petrify                  Tmut/Erth      #.......     61%         4    #####..
 Lee's Rapid Deconstruct  Erth           ##........   73%         5    ######.


Dungeon Overview and Level Annotations

Branches:
Dungeon (2/15)

Altars:


Innate Abilities, Weirdness & Mutations

You are resistant to torment.
Your stone body is resilient. (AC +2)
You are immune to poison.
You resist negative energy. (rN+)
You are resistant to electric shocks. (rElec)
You can survive without breathing.
You are immune to petrification.
You are immune to rotting.


Message History

Casting: Sandblast (safe; 4% risk of failure)
Confirm with . or Enter, or press ? or * to list all spells.
Aiming: Sandblast (safe; 4% risk of failure)
Press: ? - help, Shift-Dir - straight line, f/p - worker ant
Aim: a worker ant (heavily wounded)
The blast of sand hits the worker ant.
The worker ant is severely wounded.
b - 61 stones The worker ant bites you but does no damage.
The worker ant closely misses you.
You are too injured to fight recklessly!
You are too injured to fight recklessly!
You hit the worker ant but do no damage.
The worker ant is severely wounded.
The worker ant bites you.
* * * LOW HITPOINT WARNING * * *
You hit the worker ant but do no damage.
The worker ant is severely wounded.
The worker ant bites you.
You die...

#..# ..#
[.# ..#
#######.##
.........#
..(....K.#
#a# #@#
#.# #.#
#.# #.#
#.# #.#
#.# #.#


You could see a worker ant and a kobold.

Vanquished Creatures
  A dart slug (D:1)
  A leopard gecko (D:1)
  4 bats (D:1)
  A giant cockroach (D:1)
  4 hobgoblins (D:1)
  3 frilled lizards (D:1)
  2 goblins (D:1)
  A rat (D:1)
17 creatures vanquished.

Notes
Turn   | Place    | Note
-------+----------+-------------------------------------------
     0 | D:1      | Semilg the Gargoyle Earth Elementalist began the quest for
                  | the Orb.
     0 | D:1      | Reached XP level 1. HP: 10/10 MP: 3/3
   253 | D:1      | Reached skill level 4 in Earth Magic
   287 | D:1      | Reached XP level 2. HP: 15/15 MP: 1/5
   334 | D:1      | Learned a level 2 spell: Passwall
  1051 | D:2      | Slain by a worker ant

Skill      XL: |  1 |
---------------+----+-----
Earth Magic    | 4 |  4.1
Fighting       | |  0.2
Throwing       | |  0.3
Dodging        | |  1.7
Stealth        | |  2.2
Spellcasting   | |  2.3
Transmutations | |  0.7

Action                   || total
-------------------------++-------
Melee: Club              ||    29
       Spear             ||     6
Throw: Stone             ||    32
 Cast: Sandblast         ||    22
  Use: Scroll            ||     4
  Eat: Chunk             ||     1
Armor: Robe              ||    20
Dodge: Dodged            ||    50
